 Dungeon Crawl Stone Soup version 0.32-a0-871-ge202e49faa (webtiles) character file.

Game seed: 2133986751766270276

270 Biggs the Shooter (level 6, -1/44 HPs)
             Began as a Coglin Hunter on Mar 29, 2024.
             Was an Initiate of Okawaru.
             Slain by an ogre
             ... wielding a +0 giant club
              (18 damage)
             ... on level 4 of the Dungeon.
             The game lasted 00:03:23 (2079 turns).

Biggs the Shooter (Coglin Hunter)                   Turns: 2079, Time: 00:03:24

Health: -1/44      AC:  4    Str: 11    XL:     6   Next: 22%
Magic:  6/6        EV: 11    Int:  9    God:    Okawaru [......]
Gold:   79         SH:  0    Dex: 19    Spells: 5/5 levels left

rFire   . . .        a - +2 sling {Londisizwe}
rCold   . . .        d - +0 sling {Agustín}
rNeg    . . .        c - +0 leather armour
rPois   .            (no helmet)
rElec   .            (no cloak)
rCorr   .            (no gloves)
SInv    .            g - +0 pair of boots
Will    .....        (amulet unavailable)
Stlth   ++           (ring unavailable)
HPRegen 0.27/turn    (ring unavailable)
MPRegen 0.10/turn    (no gizmo)

%: no passive effects
@: revved
A: off-hand wielding, slow wielding, warmup strikes, no jewellery
a: Invent Gizmo, Renounce Religion


You were on level 4 of the Dungeon.
You worshipped Okawaru.
Okawaru was noncommittal.
You visited 1 branch of the dungeon, and saw 4 of its levels.

You collected 129 gold pieces.
You spent 50 gold pieces at shops.

Inventory:

Hand Weapons
 a - a +2 sling (weapon) {Londisizwe}
 d - a +0 sling (offhand) {Agustín}
Armour
 c - a +0 leather armour (worn)
 g - a +0 pair of boots (worn)
Scrolls
 b - a scroll of butterflies
 e - 6 scrolls of teleportation
 f - 2 scrolls of fog {unknown}
 h - 5 scrolls of identify
 i - a scroll of silence {unknown}
 j - a scroll of poison {unknown}
 k - a scroll of enchant weapon {unknown}
 l - 2 scrolls of amnesia {unknown}
 u - a scroll of vulnerability {unknown}
Potions
 m - 2 potions of heal wounds
 n - 2 potions of ambrosia {unknown}
 o - 3 potions of invisibility {unknown}
 p - 2 potions of curing {unknown}
 q - a potion of brilliance {unknown}
 r - a potion of berserk rage {unknown}
 s - a potion of cancellation {unknown}
 t - a potion of might {unknown}


   Skills:
 - Level 2.0 Fighting
 + Level 6.6 Ranged Weapons
 - Level 1.7 Dodging
 - Level 0.7 Stealth


You had 5 spell levels left.
You didn't know any spells.
Your spell library contained the following spells:

 Spells                   Type           Power      Damage    Failure   Level
 Magic Dart               Conj           0%         1d3       47%         1
 Blink                    Tloc           0%         N/A       63%         2
 Fugue of the Fallen      Necr           0%         N/A       85%         3
 Ozocubu's Armour         Ice            0%         N/A       85%         3
 Manifold Assault         Tloc           0%         N/A       100%        7
 Call Imp                 Summ           Unusable   N/A       N/A         2

Dungeon Overview and Level Annotations

Branches:
Dungeon (4/15)
 Temple: D:4-7

Altars:
Cheibriados
Okawaru

Shops:
D:3 :=(?


Innate Abilities, Weirdness & Mutations

You can wield a second weapon in your off-hand.
It takes a long time for you to wield or remove held weapons.
Your first few attacks do less damage.
You cannot equip rings or amulets.


Message History

You shoot a sling bullet. The sling bullet hits the ball python.
You kill the ball python!
Okawaru accepts your kill.
You shoot a sling bullet. The sling bullet hits the ogre.
The ogre is lightly wounded.
A goblin comes into view. It is wielding a +0 club.
Unknown command.
You shoot a sling bullet. The sling bullet hits the ogre.
The ogre is lightly wounded.
You shoot a sling bullet.
The sling bullet completely misses the ogre.
Unknown command.
You shoot a sling bullet. The sling bullet hits the ogre.
The ogre is moderately wounded.
You shoot a sling bullet. The sling bullet hits the ogre.
The ogre is moderately wounded.
Unknown command.
You shoot a sling bullet. The sling bullet hits the ogre!
The ogre is heavily wounded.
You shoot a sling bullet.
The sling bullet closely misses the ogre.
The ogre hits you with a +0 giant club!!
Ouch! That really hurt!
Unknown command.
You are too injured to fight recklessly!
You are too injured to fight recklessly!
You are too injured to fight recklessly!
Unknown command.
You are too injured to fight recklessly!
Fire: a) +2 sling {Londisizwe}
Press: ? - help, Q - select action Shift-Dir - straight line, f/p - ogre
Aim: an ogre, wielding a +0 giant club (heavily wounded, 78% to hit)
You shoot a sling bullet.
The sling bullet hits the ogre but does no damage.
The ogre is heavily wounded.
You shoot a sling bullet. The sling bullet hits the ogre!
The ogre is almost dead.
The ogre hits you with a +0 giant club!!
You die...

#.# ####...#.##.......#
#)####......#.##.......#
###...##.##......#.......#
.<)...#..##...#..#.##.####
.........######..#.##.#
###...†.....##.....##.#
#....###.....#.####.#
###### ........# #.#
#.....#@# .#
.#......O......
....##......... #..#
##........ ##. #......$. #
#........ ######.## .#


You could see an ogre.

Vanquished Creatures
  A scorpion (D:4)
  Jessica (D:2)
  An iguana (D:4)
  An orc wizard (D:3)
  4 gnolls (D:3)
  3 adders
  2 dart slugs
  4 orcs (D:3)
  8 ball pythons
  3 endoplasms
  7 goblins
  8 hobgoblins
  2 jackals (D:2)
  6 kobolds
  3 quokkas
  A bat (D:3)
  5 frilled lizards
  10 rats
  A spectral kobold (D:1)
71 creatures vanquished.

Notes
Turn   | Place    | Note
-------+----------+-------------------------------------------
     0 | D:1      | Biggs the Coglin Hunter began the quest for the Orb.
     0 | D:1      | Reached XP level 1. HP: 16/16 MP: 1/1
    56 | D:1      | Reached skill level 4 in Ranged Weapons
    56 | D:1      | Reached XP level 2. HP: 22/22 MP: 2/2
   169 | D:1      | Found a faded altar of an unknown god.
   593 | D:2      | Reached XP level 3. HP: 27/27 MP: 3/3
   889 | D:2      | Noticed Jessica
   891 | D:2      | Killed Jessica
   892 | D:2      | Reached skill level 5 in Ranged Weapons
   892 | D:2      | Reached XP level 4. HP: 33/33 MP: 4/4
  1139 | D:3      | Reached XP level 5. HP: 32/38 MP: 5/5
  1200 | D:3      | Found Citest's Jewellery Shop.
  1202 | D:3      | Found a snail-covered altar of Cheibriados.
  1263 | D:3      | Found Wawyef's Magic Scroll Shoppe.
  1279 | D:3      | Bought a scroll of identify for 20 gold pieces
  1279 | D:3      | Bought a scroll of teleportation for 30 gold pieces
  1294 | D:3      | Found Cisuorph's Antique Weapon Shoppe.
  1319 | D:3      | Found the +12 glaive of Prune {freeze, Prune}
  1677 | D:3      | Found Lideog's Book Shoppe.
  1762 | D:3      | Reached skill level 6 in Ranged Weapons
  1776 | D:3      | Found an iron altar of Okawaru.
  1885 | D:3      | Became a worshipper of Warmaster Okawaru
  2038 | D:4      | Reached XP level 6. HP: 44/44 MP: 6/6
  2079 | D:4      | Slain by an ogre

Illustrated notes

Levels and vault maps discovered:
D:1:      erik_arrival_blinker_ship, layout_rooms,
          dreamdust_ecumenical_altar_drowned_temple
D:2:      layout_loops_cross, grunt_decor_resistance, uniq_jessica
D:3:      layout_loops_ring, okawaru_altar_gauntlet_db,
          mainiacjoe_overflow_brackets, serial_shops,
          nicolae_shop_pleasant_corner_grove, nicolae_shop_hallway_plus, shop,
          nicolae_shop_peninsula
D:4:      layout_rooms, uniq_ijyb, uniq_natasha, uniq_crazy_yiuf_cottage,
          uniq_sigmund

Skill      XL: |  1  2  3  4  5 |
---------------+----------------+-----
Ranged Weapons | 4 5 6 |  6.6
Fighting       | |  2.0
Dodging        | |  1.7
Stealth        | |  0.7

Action                     |  1- 3 |  4- 6 || total
---------------------------+-------+-------++-------
  Melee: Sling             |       |     4 ||     4
   Fire: Sling             |   112 |   158 ||   270
    Use: Potion            |       |     1 ||     1
 Armour: Leather armour    |     2 |    30 ||    32
  Dodge: Dodged            |     6 |    22 ||    28

Table legend: (Time is in decaauts)
 A = Elapsed time spent in this place.
 B = Non-inter-level travel time spent in this place.
 C = Inter-level travel time spent in this place.
 D = Time resting spent in this place.
 E = Time spent auto-exploring this place.
 F = Levels seen in this place.
 G = Mean time per level.
                   A        B        C        D        E       F      G
               +--------+--------+--------+--------+--------+-----+--------+
         Total |   2107 |   1997 |    110 |      0 |   1706 |   4 |  526.8 |
       Dungeon |   2107 |   1997 |    110 |      0 |   1706 |   4 |  526.8 |
               +--------+--------+--------+--------+--------+-----+--------+

Top non-repeatable levels by time:
     D:3: 958 daAuts
     D:2: 610 daAuts
     D:1: 432 daAuts
     D:4: 106 daAuts
